 Dungeon Crawl Stone Soup version 0.26-a0-651-gb41185065b (webtiles) character file.

Game seed: 4073451233208150234

7604 Ozzies the Fighter (level 11, -8/74 HPs)
             Began as a Gargoyle Fighter on Oct 7, 2020.
             Was a Priest of Okawaru.
             Killed from afar by Erolcha (33 damage)
             ... with a crystal spear
             ... on level 10 of the Dungeon.
             The game lasted 00:15:57 (9077 turns).

Ozzies the Fighter (Gargoyle Fighter)               Turns: 9077, Time: 00:15:57

Health: -8/74      AC: 27    Str: 22    XL:     11   Next: 17%
Magic:  11/11      EV:  6    Int: 10    God:    Okawaru [***...]
Gold:   528        SH: 10    Dex:  9    Spells: 10/10 levels left

rFire    . . .     SeeInvis .   a - +3 flail (drain)
rCold    . . .     Faith    .   c - +0 kite shield
rNeg     + . .     Spirit   .   G - +0 plate armour
rPois    ∞         Reflect  .   (no helmet)
rElec    +         Harm     .   K - +0 cloak
rCorr    +         Rampage  .   B - +2 pair of gloves
MR       .....                  h - +0 pair of boots
Stlth    ..........             (no amulet)
HPRegen  0.22/turn              s - ring of resist corrosion
MPRegen  0.12/turn              (no ring)

@: no status effects
A: blink, negative energy resistance 1, electricity resistance, unbreathing,
petrification resistance, rot immunity, MP-powered wands, AC +8
a: Blink, Heroism, Renounce Religion


You were on level 10 of the Dungeon.
You worshipped Okawaru.
Okawaru was most pleased with you.
You visited 2 branches of the dungeon, and saw 11 of its levels.
You also visited: Sewer.

You collected 528 gold pieces.

Inventory:

Hand Weapons
 a - a +3 flail of draining (weapon)
 H - a +2 whip of freezing
Armour
 c - a +0 kite shield (worn)
 h - a +0 pair of boots (worn)
 B - a +2 pair of gloves (worn)
 G - a +0 plate armour (worn)
 K - a +0 cloak (worn)
Jewellery
 s - a ring of resist corrosion (left hand)
 L - an uncursed amulet of magic regeneration {unknown}
Wands
 b - a wand of digging (10)
 e - a wand of disintegration (12)
 f - a wand of enslavement (9)
 q - a wand of acid (12)
 C - a wand of polymorph (23)
Scrolls
 i - a scroll of fear {!r}
 l - 3 scrolls of enchant weapon
 m - a scroll of remove curse {@r2}
 p - 6 scrolls of identify {@r1}
 r - 9 scrolls of teleportation {@r3 !r}
 t - a scroll of summoning {unknown}
 u - a scroll of enchant armour
 v - a scroll of blinking {@r4}
 y - 3 scrolls of fog {!r}
 E - 2 scrolls of immolation
 J - a scroll of silence {unknown}
 M - a scroll of holy word {unknown}
Potions
 d - a potion of might {@q3 !q}
 g - 4 potions of stabbing {unknown}
 j - 3 potions of degeneration
 k - 3 potions of flight {unknown}
 n - 2 potions of mutation
 o - a potion of haste {unknown}
 w - 3 potions of curing {unknown}
 x - 2 potions of brilliance {unknown}
 z - 2 potions of invisibility {unknown}
 A - a potion of ambrosia {unknown}
 D - 2 potions of lignification {unknown}
 F - a potion of resistance {unknown}
 I - a potion of magic {unknown}


   Skills:
 + Level 11.0 Fighting
 * Level 10.3 Maces & Flails
 + Level 7.1 Armour
 - Level 4.0 Dodging
 + Level 7.0 Shields


You had 10 spell levels left.
You didn't know any spells.
Your spell library contained the following spells:

 Spells                   Type           Power        Failure   Level
 Animate Skeleton         Necr           #.....       100%        1
 Apportation              Tloc           #.....       100%        1
 Corona                   Hex            #......      100%        1
 Foxfire                  Conj/Fire      #...         100%        1
 Magic Dart               Conj           #...         100%        1
 Summon Small Mammal      Summ           #...         100%        1
 Searing Ray              Conj           #.....       100%        2
 Slow                     Hex            #.......     100%        2
 Conjure Flame            Conj/Fire      #.......     100%        3
 Dazzling Flash           Conj/Hex       #.....       100%        3
 Inner Flame              Hex/Fire       #.......     100%        3
 Portal Projectile        Hex/Tloc       #.....       100%        3
 Cause Fear               Hex            #.........   100%        4
 Fulminant Prism          Conj/Hex       #.........   100%        4
 Iskenderun's Mystic Bla  Conj/Tloc      #.......     100%        4
 Leda's Liquefaction      Hex/Erth       #.........   100%        4
 Sticky Flame             Conj/Fire      #.......     100%        4
 Fireball                 Conj/Fire      #.........   100%        5


Dungeon Overview and Level Annotations

Branches:
Dungeon (10/15)            Temple (1/1) D:7             Orc (0/2) D:9
  Sewer (visited)
   Lair: D:8-11

Altars:
Ashenzari
Cheibriados
Dithmenos
Elyvilon
Fedhas
Gozag
Hepliaklqana
Kikubaaqudgha
Makhleb
Nemelex Xobeh
Okawaru
Qazlal
Ru
Sif Muna
Trog
Uskayaw
Vehumet
Wu Jian
Xom
Yredelemnul
Zin
The Shining One

Shops:
D:9 !**?

Annotations:
D:10 Erolcha


Innate Abilities, Weirdness & Mutations

You are resistant to torment.
Your stone body is resilient. (AC +8)
You are immune to poison.
You resist negative energy. (rN+)
You are resistant to electric shocks. (rElec)
You can survive without breathing.
You are immune to petrification.
You are immune to rotting.
You can translocate small distances at will.
You expend magic power (3 MP) to strengthen your wands.


Message History

You block the orc warrior's attack.
You barely miss the orc warrior.
The orc warrior is heavily wounded.
You block the orc warrior's attack.
You sock the orc warrior! You drain the orc warrior.
You kill the orc warrior!
Okawaru accepts your kill.
Your plate armour prevents you from hitting the orc.
The orc hits you but does no damage.
You hit the orc.
The orc is moderately wounded.
The orc hits you but does no damage.
You hit the orc.
The orc is severely wounded.
The orc hits you but does no damage.
You closely miss the orc.
The orc is severely wounded.
The orc hits you but does no damage.
You sock the orc!
You kill the orc!
Okawaru accepts your kill.
The orc throws a boomerang.
The boomerang hits you but does no damage.
You block the orc's attack.
A worker ant comes into view.
Items here: )) [ †.
You sock the orc!
You kill the orc!
You hit the orc.
The orc is severely wounded.
The orc hits you with a +0 war axe.
You barely miss the orc.
The orc is severely wounded.
You bludgeon the orc!!
You kill the orc!
Okawaru accepts your kill. You block the worker ant's attack. x2
Items here: ( )) [.
You bludgeon the worker ant!!
You kill the worker ant!
Okawaru accepts your kill.
No target in view!
No target in view!
No target in view!
No target in view!
No target in view!
No target in view!
No target in view!
No target in view!
No target in view!
No target in view!
No target in view!
No target in view!
No target in view!
No target in view!
You see here a worker ant corpse.
Erolcha the Cunning comes into view.
She is wielding a +0 spectral giant spiked club.
You see here 10 gold pieces.
Press: ? - help, v - describe, . - travel The floor.
Unknown command.
A troll comes into view.
The troll shouts!
The spectral weapon fades away.
The spectral weapon appears!
You see here 10 gold pieces.
You closely miss the troll. The troll bites you but does no damage.
You block the troll's attack. The troll barely misses you.
You thump the troll!
The troll is moderately wounded.
You sock the troll! You drain the troll.
The troll is severely wounded.
The troll bites you! The troll claws you but does no damage.
The troll claws you!
You sock the troll! You drain the troll.
You kill the troll!
Okawaru accepts your kill.
The troll leather armour is intact enough to wear.
You completely miss Erolcha.
Erolcha hits you with a +0 spectral giant spiked club!!
You hit Erolcha but do no damage. You drain Erolcha.
Erolcha is lightly wounded.
You thump Erolcha! You drain Erolcha.
Erolcha is moderately wounded.
Erolcha barely misses you.
You hit Erolcha. You drain Erolcha.
Erolcha is heavily wounded.
Erolcha gestures at you while chanting. The bolt of cold hits you!
You hit Erolcha.
Erolcha is heavily wounded.
Erolcha drinks a potion.
Erolcha is healed!
Press: ? - help, v - describe, . - travel The floor.
Unknown command.
You barely miss Erolcha.
Erolcha is lightly wounded.
Erolcha points at you and mumbles some strange words.
The crystal spear hits you!!
You die...

....#.#
#.#
....#.#
#.#
.......
#.# ##
.#.. #.#
#.. #.#
## #.#
#.# #.#
#@# #O#
.......(+
.####.#.#
#.#(# #
#.# #.#
#.# #.#


You could see Erolcha (drained) and a +0 spectral giant spiked club (summoned).

Vanquished Creatures
  2 two-headed ogres
  Pikel (D:5)
  3 trolls
  Sigmund (D:2)
  Eustachio (D:6)
  6 yaks (D:9)
  Edmund (D:5)
  2 wargs (D:9)
  A water moccasin (D:8)
  7 orc warriors
  A black bear (D:9)
  A phantom (D:8)
  2 sky beasts
  2 ice beasts
  2 necrophages
  2 ogres
  3 centaurs
  4 bullfrogs
  A water moccasin zombie (D:5)
  2 scorpions
  An electric eel (D:10)
  2 howler monkeys (D:8)
  A centaur zombie (D:6)
  2 bullfrog skeletons
  3 hounds
  5 jellies
  6 orc priests
  6 orc wizards
  Jessica (D:2)
  10 worker ants
  A killer bee zombie (D:6)
  2 hound skeletons
  2 worker ant zombies
  10 adders
  A howler monkey skeleton (D:9)
  3 shadow imps
  7 oozes
  3 adder skeletons
  7 worms
  2 dart slugs (D:1)
  4 leopard geckos
  52 orcs
  10 giant cockroaches
  4 goblins
  7 hobgoblins
  9 jackals
  4 kobolds (D:2)
  4 quokkas
  3 ball pythons
  14 bats
  6 frilled lizards
  A leopard gecko skeleton (D:4)
  4 rats
242 creatures vanquished.

Notes
Turn   | Place    | Note
-------+----------+-------------------------------------------
     0 | D:1      | Ozzies the Gargoyle Fighter began the quest for the Orb.
     0 | D:1      | Reached XP level 1. HP: 14/14 MP: 1/1
   138 | D:1      | Reached skill level 4 in Fighting
   138 | D:1      | Reached XP level 2. HP: 18/20 MP: 2/2
   240 | D:1      | Reached XP level 3. HP: 21/24 MP: 3/3
   641 | D:2      | Noticed Jessica
   646 | D:2      | Killed Jessica
   646 | D:2      | Reached skill level 5 in Fighting
   646 | D:2      | Reached XP level 4. HP: 30/31 MP: 4/4
   671 | D:2      | Noticed Sigmund
   687 | D:2      | Killed Sigmund
   687 | D:2      | Reached skill level 1 in Dodging
   687 | D:2      | Reached XP level 5. HP: 17/35 MP: 5/5
   697 | D:2      | Reached XP level 6. HP: 16/40 MP: 6/6
  1372 | D:3      | Found an opulent altar of Gozag.
  1897 | D:4      | Found a glowing drain.
  1912 | D:4      | Reached XP level 7. HP: 45/45 MP: 7/7
  1921 | Sewer    | Entered a sewer
  2284 | Sewer    | Gained mutation: You expend magic power (3 MP) to
                  | strengthen your wands. [potion of mutation]
  2284 | Sewer    | Gained mutation: You can translocate small distances at
                  | will. [potion of mutation]
  2605 | D:4      | Reached skill level 6 in Fighting
  3157 | D:4      | Reached skill level 5 in Shields
  3285 | D:4      | Reached skill level 5 in Armour
  3524 | D:4      | Found a shadowy altar of Dithmenos.
  3528 | D:4      | Found a sacrificial altar of Ru.
  3533 | D:4      | Found a snail-covered altar of Cheibriados.
  3619 | D:5      | Entered Level 5 of the Dungeon
  3708 | D:5      | Reached XP level 8. HP: 52/52 MP: 8/8
  3717 | D:5      | Found a hazy altar of Hepliaklqana.
  3735 | D:5      | Reached skill level 7 in Fighting
  3801 | D:5      | Reached skill level 5 in Maces & Flails
  3854 | D:5      | Noticed Pikel
  3881 | D:5      | Killed Pikel
  3881 | D:5      | Reached skill level 8 in Fighting
  4181 | D:5      | Noticed Edmund
  4200 | D:5      | Killed Edmund
  4322 | D:5      | Reached skill level 9 in Fighting
  4322 | D:5      | Reached XP level 9. HP: 41/60 MP: 9/9
  4816 | D:6      | Found a stormy altar of Qazlal.
  5043 | D:6      | Noticed Eustachio
  5056 | D:6      | Killed Eustachio
  5442 | D:7      | Reached skill level 10 in Fighting
  5720 | D:7      | Found a glowing golden altar of the Shining One.
  5868 | D:7      | Found a staircase to the Ecumenical Temple.
  5878 | Temple   | Entered the Ecumenical Temple
  6017 | Temple   | Became a worshipper of Warmaster Okawaru
  6571 | D:8      | Noticed a troll
  6584 | D:8      | Killed a troll
  6828 | D:8      | Reached XP level 10. HP: 61/68 MP: 10/10
  6995 | D:8      | Noticed a two-headed ogre
  7007 | D:8      | Killed a two-headed ogre
  7007 | D:8      | Reached * piety under Okawaru
  7545 | D:9      | Found Rozumn's Magic Scroll Shop.
  7573 | D:9      | Found Gowitoro's Jewellery Shoppe.
  7703 | D:9      | Reached ** piety under Okawaru
  7749 | D:9      | Found a staircase to the Orcish Mines.
  8126 | D:9      | Found Izonee's Distillery.
  8126 | D:9      | Found Tasot's Assorted Antiques.
  8396 | D:9      | Found Oriclaos's General Store.
  8592 | D:9      | Noticed a two-headed ogre
  8603 | D:9      | Killed a two-headed ogre
  8603 | D:9      | Reached *** piety under Okawaru
  8603 | D:9      | Reached skill level 10 in Maces & Flails
  8603 | D:9      | Reached XP level 11. HP: 54/73 MP: 11/11
  8796 | D:10     | Entered Level 10 of the Dungeon
  8818 | D:10     | Received a gift from Okawaru
  8818 | D:10     | Reached skill level 11 in Fighting
  9065 | D:10     | Noticed Erolcha
  9077 | D:10     | Killed from afar by Erolcha

Illustrated notes

Levels and vault maps discovered:
D:1:      kennysheep_arrival_forest, layout_basic, nrook_campfire,
          chequers_serial_rivers_micro_c
D:2:      layout_rooms, uniq_jessica, uniq_sigmund
D:3:      layout_basic, nicolae_gozag_seed_capital
D:4:      layout_rooms, minmay_overflow_temple_star_quad, gup_sewer_entry_glass,
          kennysheep_dice
D:5:      layout_rooms, lemuel_round_altar, uniq_edmund, uniq_pikel
D:6:      layout_basic, lemuel_doored_altar, kennysheep_path_1, uniq_eustachio
D:7:      layout_basic, temple_hall, tso_metal_star
D:8:      layout_gridville, item_on_display_a
D:9:      layout_basic, erik_orc_3, serial_shops, kennysheep_mini_moat,
          nicolae_shop_window_shopping, shop, nicolae_shop_waterfront, shop
D:10:     layout_basic, david_lair_shrubbed, uniq_erolcha, uniq_grum
Temple:   nicolae_temple_elliptical

Skill      XL: |  1  2  3  4  5  6  7  8  9 10 11 |
---------------+----------------------------------+-----
Fighting       | 4 5 6 9 10 11 | 11.0
Dodging        | 1 2 4 |  4.0
Armour         | 4 5 6 7 |  7.1
Shields        | 4 5 6 7 |  7.0
Maces & Flails | 3 4 6 8 10 | 10.3

Action                   |  1- 3 |  4- 6 |  7- 9 | 10-12 || total
-------------------------+-------+-------+-------+-------++-------
Melee: Flail             |    98 |    73 |   194 |   299 ||   664
       Mace              |       |    57 |   187 |       ||   244
       Whip              |       |       |    18 |       ||    18
 Abil: Blink             |       |       |     2 |       ||     2
  Use: Scroll            |       |     3 |    10 |     1 ||    14
       Potion            |       |       |     2 |       ||     2
Armor: Scale mail        |    71 |    81 |   185 |       ||   337
       Chain mail        |       |       |    57 |       ||    57
       Plate armour      |       |       |    43 |   191 ||   234
Dodge: Dodged            |    51 |    56 |   163 |    81 ||   351
Block: Kite shield       |    59 |    76 |   249 |   166 ||   550

Table legend: (Time is in decaauts)
 A = Elapsed time spent in this place.
 B = Non-inter-level travel time spent in this place.
 C = Inter-level travel time spent in this place.
 D = Time resting spent in this place.
 E = Time spent auto-exploring this place.
 F = Levels seen in this place.
 G = Mean time per level.
                   A        B        C        D        E       F      G
               +--------+--------+--------+--------+--------+-----+--------+
         Total |   9407 |   8767 |    640 |    856 |   5893 |  12 |  783.9 |
       Dungeon |   8431 |   7824 |    607 |    856 |   5362 |  10 |  843.1 |
        Temple |    149 |    117 |     32 |      0 |    116 |   1 |  149.0 |
         Sewer |    826 |    826 |      0 |      0 |    415 |   1 |  826.0 |
               +--------+--------+--------+--------+--------+-----+--------+

Top non-repeatable levels by time:
     D:9: 1272 daAuts
     D:4: 1199 daAuts
     D:5: 966 daAuts
     D:8: 955 daAuts
   Sewer: 826 daAuts
     D:6: 793 daAuts
     D:3: 774 daAuts
     D:7: 748 daAuts
     D:1: 729 daAuts
     D:2: 712 daAuts
    D:10: 278 daAuts
  Temple: 149 daAuts
